 Dungeon Crawl Stone Soup version 0.27-a0-1196-g3e9cee4cb2 (webtiles) character file.

Game seed: 15274473373788790573

91 Glokmah the Sneak (level 4, -4/29 HPs)
             Began as a Kobold Delver on May 29, 2021.
             Was an Initiate of Nemelex Xobeh.
             Slain by Blork the orc
             ... wielding a +0 scimitar
              (8 damage)
             ... on level 5 of the Dungeon.
             The game lasted 00:02:33 (850 turns).

Glokmah the Sneak (Kobold Delver)                    Turns: 850, Time: 00:02:34

Health: -4/29      AC:  3    Str:  9    XL:     4   Next: 88%
Magic:  4/4        EV: 14    Int: 11    God:    Nemelex Xobeh [......]
Gold:   9          SH:  0    Dex: 17    Spells: 3/3 levels left

rFire    . . .     SeeInvis .   a - +0 short sword
rCold    . . .     Faith    .   (shield restricted)
rNeg     . . .     Spirit   .   b - +0 leather armour
rPois    .         Reflect  .   (no helmet)
rElec    .         Harm     .   (no cloak)
rCorr    .         Rampage  .   (no gloves)
Will     .....                  (no boots)
Stlth    +++++.....             (no amulet)
HPRegen  0.09/turn              (no ring)
MPRegen  0.09/turn              (no ring)

@: no status effects
A: small, no large weapons, nightstalker 3
a: Renounce Religion, Draw Escape, Draw Destruction, Draw Summoning


You were on level 5 of the Dungeon.
You worshipped Nemelex Xobeh.
Nemelex Xobeh was noncommittal.
You visited 1 branch of the dungeon, and saw 1 of its levels.

You collected 9 gold pieces.

Inventory:

Hand Weapons
 a - a +0 short sword (weapon)
Armour
 b - a +0 leather armour (worn)
Wands
 g - a wand of digging (3)
Scrolls
 c - a scroll of fog
 d - a scroll of magic mapping
Potions
 e - a potion of mutation {unknown}
 f - a potion of haste


   Skills:
 + Level 3.9 Fighting
 * Level 4.4 Short Blades
 - Level 2.4 Dodging
 * Level 7.7 Stealth


You had 3 spell levels left.
You didn't know any spells.
Your spell library was empty.

Dungeon Overview and Level Annotations

Branches:
Dungeon (5/15)
 Temple: D:4-7

Altars:
Makhleb
Nemelex Xobeh
Yredelemnul

Annotations:
D:5 Blork the orc, Prince Ribbit


Innate Abilities, Weirdness & Mutations

You are small and have problems with some larger weapons.
You are completely attuned to the shadows.


Message History

Blork the orc misses you.
You hit Blork the orc.
Blork the orc is lightly wounded.
Blork the orc seems less confused.
Blork the orc barely misses you.
You hit Blork the orc but do no damage.
Blork the orc is lightly wounded.
Blork the orc hits you with a +0 scimitar!
You hit Blork the orc but do no damage.
Blork the orc is lightly wounded.
Blork the orc screams, "I'll make a cloak from your skin!"
Blork the orc barely misses you.
You hit Blork the orc but do no damage.
Blork the orc is lightly wounded.
Blork the orc is no longer blind.
Blork the orc hits you with a +0 scimitar.
Blork the orc hits you with a +0 scimitar!
Throw: 2 darts (atropa)
Press: ? - help, Q - select action, (/) - cycle Shift-Dir - straight line, f/p - Blork the orc
Aim: Blork the orc, wielding a +0 scimitar and wearing a +2 robe of resistance (lightly wounded, fast, 64% to hit, chance to blind on hit: 89%)
You throw an atropa-tipped dart.
The atropa-tipped dart closely misses Blork the orc.
Blork the orc hits you with a +0 scimitar.
* * * LOW HITPOINT WARNING * * *
Blork the orc hits you with a +0 scimitar.
* * * LOW HITPOINT WARNING * * *
Throw: dart (atropa)
Press: ? - help, Q - select action, (/) - cycle Shift-Dir - straight line, f/p - Blork the orc
Aim: Blork the orc, wielding a +0 scimitar and wearing a +2 robe of resistance (lightly wounded, fast, 64% to hit, chance to blind on hit: 89%)
You throw an atropa-tipped dart.
The atropa-tipped dart hits Blork the orc.
Blork the orc appears confused.
Blork the orc is lightly wounded.
Blork the orc wonders, "What am I doing in here?"
Blork the orc seems less confused.
Blork the orc barely misses you.
You see here 3 atropa-tipped darts.
You hit Blork the orc.
Blork the orc is lightly wounded.
Blork the orc hits you with a +0 scimitar!
You die...
Your body disappears without a glow.

........######.......
###...### ####.###
.....## #.# ####.#
##.## #.# ###...#
##'## ......##
##..(## #.##...##
.#..o..## #........
...$@...## ##..######
.........###....#####
..(......()(.........
.........#........###
........###.....#.# #
.#.....## ##...##.# #
.# ##...... . #


You could see Blork the orc (fast, blind).

Vanquished Creatures
  An ogre (D:5)
  A hound skeleton (D:5)
2 creatures vanquished.

Vanquished Creatures (others)
  3 plants (D:5)
3 creatures vanquished.

Grand Total: 5 creatures vanquished

Notes
Turn   | Place    | Note
-------+----------+-------------------------------------------
     0 | D:5      | Glokmah the Kobold Delver began the quest for the Orb.
     0 | D:5      | Reached XP level 1. HP: 14/14 MP: 1/1
    25 | D:5      | Noticed Prince Ribbit
   260 | D:5      | Found a sparkling altar of Nemelex Xobeh.
   260 | D:5      | Found a burning altar of Makhleb.
   260 | D:5      | Found a basalt altar of Yredelemnul.
   268 | D:5      | Became a worshipper of Nemelex Xobeh the Trickster
   331 | D:5      | Reached XP level 2. HP: 12/19 MP: 2/2
   463 | D:5      | Noticed an ogre
   475 | D:5      | Killed an ogre
   476 | D:5      | Reached skill level 7 in Stealth
   476 | D:5      | Reached XP level 3. HP: 24/24 MP: 3/3
   476 | D:5      | Reached XP level 4. HP: 29/29 MP: 4/4
   578 | D:5      | Noticed Blork the orc
   850 | D:5      | Slain by Blork the orc

Illustrated notes

Levels and vault maps discovered:
D:5:      layout_loops_corners, gammafunk_temple_overflow_forgotten,
          marbit_many_paths, corexii_item_surrounded_by_moat,
          uniq_prince_ribbit1, uniq_blork_the_orc, uniq_crazy_yiuf_cottage,
          uniq_eustachio

Skill      XL: |  1  2 |
---------------+-------+-----
Short Blades   | 3 4 |  4.4
Stealth        | 7 |  7.7
Fighting       | |  3.9
Dodging        | |  2.4

Action                   |  1- 3 |  4- 6 || total
-------------------------+-------+-------++-------
Melee: Short sword       |    22 |    10 ||    32
Throw: Throwing net      |     3 |       ||     3
       Dart              |     1 |     7 ||     8
  Use: Scroll            |       |     1 ||     1
 Stab: Sleeping          |     2 |       ||     2
Armor: Leather armour    |     2 |       ||     2
Dodge: Dodged            |    15 |     8 ||    23

Table legend: (Time is in decaauts)
 A = Elapsed time spent in this place.
 B = Non-inter-level travel time spent in this place.
 C = Inter-level travel time spent in this place.
 D = Time resting spent in this place.
 E = Time spent auto-exploring this place.
 F = Levels seen in this place.
 G = Mean time per level.
                   A        B        C        D        E       F      G
               +--------+--------+--------+--------+--------+-----+--------+
         Total |    848 |    848 |      0 |    535 |     67 |   1 |  848.0 |
       Dungeon |    848 |    848 |      0 |    535 |     67 |   1 |  848.0 |
               +--------+--------+--------+--------+--------+-----+--------+

Top non-repeatable levels by time:
     D:5: 848 daAuts
